[Event "ICC Open 2015"]
[Site "Internet Chess Club"]
[Date "2015.05.29"]
[Round "11"]
[White "BillietheKid"]
[Black "manta2"]
[Result "1-0"]
[ICCResult "Black forfeits on time"]
[WhiteElo "1439"]
[BlackElo "1273"]
[Opening "Sicilian: Taimanov variation"]
[ECO "B45"]
[NIC "SI.39"]
[Time "21:30:47"]
[TimeControl "180+0"]

1. e4 c5 2. Nf3 e6 3. d4 cxd4 4. Nxd4 Nc6 5. Nc3 Bb4 6. Nxc6 Bxc3+ 7. bxc3
bxc6 8. Ba3 d5 9. e5 Ne7 10. Bd3 a5 11. O-O Ba6 12. Qg4 Bxd3 13. cxd3 O-O
14. d4 f5 15. exf6 Rxf6 16. Rfe1 Nf5 17. Re5 Qd7 18. Rae1 Re8 19. h4 Rg6 20.
Qf4 Qf7 21. h5 Rf6 22. Qg4 Nh6 23. Qh4 Rf4 24. Qg3 {Black forfeits on time}
1-0

[Event "ICC Open 2015"]
[Site "Internet Chess Club"]
[Date "2015.05.29"]
[Round "11"]
[White "vincentparagas"]
[Black "yaguaro"]
[Result "0-1"]
[ICCResult "White checkmated"]
[WhiteElo "1662"]
[BlackElo "2056"]
[Opening "Queen's Pawn"]
[ECO "A41"]
[NIC "QO.17"]
[Time "21:31:07"]
[TimeControl "180+0"]

1. d4 d6 2. Bf4 Nd7 3. Nf3 g6 4. e3 Bg7 5. c3 e5 6. Bg3 Ne7 7. Qb3 b6 8. Bd3
O-O 9. O-O Bb7 10. Nbd2 Kh8 11. Ng5 Kg8 12. dxe5 dxe5 13. Bc4 Qe8 14. f4 Nc5
15. Qc2 h6 16. Nxf7 Rxf7 17. fxe5 Bd5 18. Rxf7 Qxf7 19. Rf1 Qe6 20. Bd3 Nxd3
21. Qxd3 Rd8 22. Qa6 Bxe5 23. Nf3 Bxg3 24. hxg3 Qxe3+ 25. Kh2 Nc6 26. Qb7
Qe7 27. Re1 Qf7 28. Qa6 Bxf3 29. gxf3 Rd2+ 30. Kh3 Qf5+ 31. g4 Qxf3+ 32. Kh4
Rh2# {White checkmated} 0-1

[Event "ICC Open 2015"]
[Site "Internet Chess Club"]
[Date "2015.05.29"]
[Round "11"]
[White "Doondoon"]
[Black "Qualm"]
[Result "1-0"]
[ICCResult "Black resigns"]
[WhiteElo "1756"]
[BlackElo "1688"]
[Opening "QGD Slav defense"]
[ECO "D10"]
[NIC "SL.01"]
[Time "21:30:52"]
[TimeControl "180+0"]

1. d4 d5 2. c4 c6 3. Nc3 Nf6 4. Bg5 g6 5. Nf3 Bg7 6. cxd5 cxd5 7. e3 O-O 8.
Bd3 Nc6 9. O-O Be6 10. Rc1 Rc8 11. Re1 a6 12. h3 Qb6 13. Na4 Qa7 14. Nc5 Bf5
15. Bxf5 gxf5 16. Bxf6 Bxf6 17. Nd7 Rfe8 18. Nxf6+ exf6 19. Nh4 Qb6 20. Nxf5
Kh8 21. Nd6 Qxb2 22. Nxf7+ Kg7 23. Nd6 Rcd8 24. Nxe8+ Rxe8 25. Rb1 Qxa2 26.
Rxb7+ Re7 27. Qg4+ Kf7 28. Reb1 Nd8 29. Rxe7+ Kxe7 30. Qg7+ Kd6 31. Rb6+
{Black resigns}
1-0

[Event "ICC Open 2015"]
[Site "Internet Chess Club"]
[Date "2015.05.29"]
[Round "11"]
[White "olimpus"]
[Black "HematiteBrown"]
[Result "1-0"]
[ICCResult "Black resigns"]
[WhiteElo "2740"]
[BlackElo "2213"]
[Opening "Nimzovich-Larsen attack: classical variation"]
[ECO "A01"]
[NIC "VO.08"]
[Time "21:31:32"]
[TimeControl "180+0"]

1. b3 d5 2. Bb2 Nf6 3. Nf3 c5 4. e3 Nc6 5. Bb5 Qb6 6. c4 dxc4 7. bxc4 Bg4 8.
h3 Bh5 9. g4 Bg6 10. Ne5 O-O-O 11. Qb3 Be4 12. O-O Nxe5 13. Bxe5 Bc6 14. Nc3
e6 15. Rab1 Bxb5 16. Qxb5 Qxb5 17. Nxb5 b6 18. Nxa7+ Kb7 19. Nb5 Ra8 20. Rb3
Rxa2 21. Rfb1 Be7 22. Nd6+ Bxd6 23. Rxb6+ Kc8 24. Bxd6 Nd7 25. Rc6+ Kd8 26.
Rb7 Rxd2 27. Ra6 {Black resigns} 1-0

[Event "ICC Open 2015"]
[Site "Internet Chess Club"]
[Date "2015.05.29"]
[Round "11"]
[White "iamGodskid"]
[Black "chessfidebullet"]
[Result "1-0"]
[ICCResult "Black forfeits on time"]
[WhiteElo "1448"]
[BlackElo "1164"]
[Opening "Mieses opening"]
[ECO "A00"]
[NIC "VO.13"]
[Time "21:30:57"]
[TimeControl "180+0"]

1. d3 d5 2. g3 Nc6 3. Bg2 e5 4. Nf3 Nf6 5. Bg5 Be7 6. Bxf6 Bxf6 7. Nc3 Ne7
8. e4 d4 9. Nd5 Nxd5 10. exd5 Qxd5 11. O-O O-O 12. Nd2 Qd8 13. Ne4 Bf5 14.
f4 Bxe4 15. Bxe4 c6 16. Qh5 g6 17. Qh3 Bg7 18. f5 Qf6 19. Rf3 g5 20. Raf1
Qh6 21. Qg4 Bf6 22. h4 Kh8 23. hxg5 Bxg5 24. Kg2 Rg8 25. Rh1 Qf6 26. Qh5 Rg7
27. g4 Rag8 28. Rfh3 Bh6 29. Qxh6 Rxg4+ 30. Kf3 Rf4+ 31. Ke2
{Black forfeits on time}
1-0

[Event "ICC Open 2015"]
[Site "Internet Chess Club"]
[Date "2015.05.29"]
[Round "11"]
[White "santiagoelawad"]
[Black "Autenticman"]
[Result "0-1"]
[ICCResult "White forfeits on time"]
[WhiteElo "2035"]
[BlackElo "1859"]
[Opening "Benko's opening"]
[ECO "A00"]
[NIC "VO.09"]
[Time "21:30:27"]
[TimeControl "180+0"]

1. g3 d5 2. Bg2 Nc6 3. Nf3 e5 4. d4 e4 5. Ne5 Nxe5 6. dxe5 c6 7. O-O Qc7 8.
Bf4 g5 9. Bxg5 Qxe5 10. Bc1 Bc5 11. c4 Be6 12. Nc3 O-O-O 13. Bf4 Qf5 14.
cxd5 Bxd5 15. Qa4 Nf6 16. Rac1 Bb6 17. Nb5 Ne8 18. Nxa7+ Kd7 19. Qb4 Bxa7
20. Qxb7+ Ke6 21. Qxa7 Rd7 22. Qc5 Nd6 23. Rfd1 Bxa2 24. Qxf5+ Nxf5 25. Rxd7
Kxd7 26. Bh3 Be6 27. Rd1+ Kc8 28. Rc1 Kb7 29. e3 Rd8 30. Bf1 Rd2 31. b4 Rb2
32. Bc4 Ng7 33. Bxe6 Nxe6 34. Rc4 Rb1+ 35. Kg2 Nxf4+ 36. gxf4 Kb6 37. Rxe4
f5 38. Re5 Rxb4 39. Rxf5 Rb2 40. Re5 c5 41. f5 Rd2 42. f6 Rd8 43. f7 Rf8 44.
Rf5 c4 45. e4 c3 46. e5 c2 47. e6 c1=Q 48. e7 Qc6+ 49. f3 Qc2+ 50. Kg3 Qxf5
51. exf8=Q Qg5+ 52. Kf2 Qd2+ 53. Kg3 Qg5+ 54. Kf2 Qc5+ 55. Kg3 Qxf8 56. Kf2
Qxf7 57. Kg3 Qd7 58. Kf2 Qd8 59. Kg3 Qe8 60. Kf2 Qf8 61. Kg3 Qg7+ 62. Kf2
Qf7 {White forfeits on time} 0-1

[Event "ICC Open 2015"]
[Site "Internet Chess Club"]
[Date "2015.05.29"]
[Round "11"]
[White "Estocolmov"]
[Black "yummy2"]
[Result "0-1"]
[ICCResult "White resigns"]
[WhiteElo "2292"]
[BlackElo "2668"]
[Opening "Levitsky attack (Queen's bishop attack)"]
[ECO "D00"]
[NIC "QP.08"]
[Time "21:30:37"]
[TimeControl "180+0"]

1. d4 d5 2. Bg5 c6 3. e3 Qb6 4. b3 Bf5 5. Bd3 Bg6 6. Nf3 e6 7. O-O Nd7 8. c4
Ngf6 9. c5 Qd8 10. Bf4 Ne4 11. h3 Be7 12. b4 O-O 13. a4 Bf6 14. Qc2 a5 15.
Nbd2 Nxd2 16. Nxd2 axb4 17. Bxg6 hxg6 18. Rfb1 e5 19. dxe5 Bxe5 20. Bxe5
Nxe5 21. Rxb4 Ra7 22. Rab1 Qe7 23. Qc3 f5 24. Nb3 Nd7 25. Rc1 Rd8 26. Nd4
Nf6 27. Rcb1 Rd7 28. f3 Ra8 29. Qb3 Ra7 30. Qc3 Rc7 31. Kh1 Nd7 32. Nb3 Ra8
33. Re1 Nf6 34. Nd4 Re8 35. Reb1 Rb8 36. Re1 Rd8 37. Reb1 Rdd7 38. Re1 Rc8
39. a5 Ra8 40. Ra1 Rc7 41. Rb6 Nd7 42. Rb4 Qxc5 43. Qxc5 Nxc5 44. Rab1 Re8
45. Nc2 Ree7 46. Rc1 Nd3 47. Rcb1 Nxb4 48. Rxb4 c5 49. Rb5 Red7 50. Kg1 d4
51. exd4 cxd4 52. Nb4 d3 53. Rd5 d2 {White resigns} 0-1

[Event "ICC Open 2015"]
[Site "Internet Chess Club"]
[Date "2015.05.29"]
[Round "11"]
[White "QuintilianoR"]
[Black "Eros"]
[Result "0-1"]
[ICCResult "White resigns"]
[WhiteElo "2353"]
[BlackElo "2993"]
[Opening "Grünfeld: 5.e3"]
[ECO "D94"]
[NIC "GI.09"]
[Time "21:30:56"]
[TimeControl "180+0"]

1. d4 Nf6 2. c4 g6 3. Nc3 d5 4. Nf3 Bg7 5. e3 O-O 6. Be2 dxc4 7. Bxc4 c5 8.
O-O cxd4 9. exd4 Nc6 10. h3 Nd7 11. d5 Nb6 12. Bb3 Na5 13. Be3 Nxb3 14. Qxb3
Bd7 15. Bd4 Bxd4 16. Nxd4 Rc8 17. Rad1 Nc4 18. Ne6 Bxe6 19. dxe6 Qb6 20.
exf7+ Rxf7 21. Nd5 Qxb3 22. axb3 Na5 23. Rfe1 Nc6 24. b4 a6 25. Re6 Rcf8 26.
f3 Rd8 27. Nxe7+ Kf8 28. Nxg6+ hxg6 29. Rxd8+ Nxd8 30. Rxg6 Nc6 31. Rg4 Rd7
32. b5 axb5 33. Rg5 b4 34. Rb5 Rd2 35. Rxb7 Rxb2 36. h4 Nd4 37. h5 b3 38. h6
Kg8 39. Kh2 Nxf3+ 40. Kg3 Nd4 41. Kh3 Rc2 42. g4 Rc5 43. Rb4 Rb5 44. Rxd4 b2
45. g5 b1=Q 46. Rd8+ Kh7 47. Rd7+ Kg6 48. Rg7+ Kh5 {White resigns} 0-1

[Event "ICC Open 2015"]
[Site "Internet Chess Club"]
[Date "2015.05.29"]
[Round "11"]
[White "gmgattass"]
[Black "KM-SKOCB"]
[Result "0-1"]
[ICCResult "White resigns"]
[WhiteElo "2317"]
[BlackElo "2721"]
[Opening "Caro-Kann: Steinitz variation"]
[ECO "B17"]
[NIC "CK.08"]
[Time "21:31:03"]
[TimeControl "180+0"]

1. e4 c6 2. Nc3 d5 3. d4 dxe4 4. Nxe4 Nd7 5. Nf3 Ngf6 6. Bd3 g6 7. c3 Bg7 8.
Qe2 O-O 9. Bg5 Nxe4 10. Bxe4 Nf6 11. Bc2 Bg4 12. h3 Bxf3 13. Qxf3 Qd5 14.
Qxd5 Nxd5 15. O-O e6 16. a4 a5 17. Rad1 Bf6 18. Bh6 Rfd8 19. Rfe1 Rd7 20.
Bc1 Kg7 21. Kf1 h5 22. g3 Rb8 23. Bd3 b5 24. axb5 cxb5 25. Be3 Be7 26. Ra1
a4 27. Kg2 b4 28. c4 Nxe3+ 29. fxe3 a3 30. b3 e5 31. d5 Bc5 32. Ra2 f5 33.
Ree2 e4 34. Bb1 Kf6 35. h4 Ke5 36. Kf1 Rg8 37. Re1 g5 38. Rg2 Rdg7 39. hxg5
Rxg5 40. Kf2 f4 41. Rh1 Bxe3+ 42. Kf1 f3 43. Rgh2 Kd4 44. Rh4 Rg4 45. Rxg4
Rxg4 46. Rh4 a2 47. Bxa2 Rxg3 48. Rh1 f2 49. Ke2 Rg1 {White resigns} 0-1

[Event "ICC Open 2015"]
[Site "Internet Chess Club"]
[Date "2015.05.29"]
[Round "11"]
[White "weezil"]
[Black "outubro2"]
[Result "1-0"]
[ICCResult "Black forfeits on time"]
[WhiteElo "1903"]
[BlackElo "1574"]
[Opening "Trompowsky attack (Ruth, Opocenský opening)"]
[ECO "A45"]
[NIC "QP.07"]
[Time "21:30:54"]
[TimeControl "180+0"]

1. d4 Nf6 2. Bg5 e6 3. e3 d5 4. Bd3 Be7 5. Nd2 O-O 6. f4 h6 7. Bxf6 Bxf6 8.
c3 b6 9. Qe2 c5 10. Ngf3 a5 11. O-O Nc6 12. Ne5 Bb7 13. Bb5 Na7 14. Bd3 Nc6
15. h3 Bh4 16. Ndf3 Be7 17. g4 cxd4 18. exd4 Rc8 19. a3 Re8 20. Rae1 Bd6 21.
Kg2 f6 22. Nxc6 Bxc6 23. Nd2 e5 24. Bg6 Re7 25. fxe5 fxe5 26. Qf2 e4 27. Re3
Be8 28. Bxe8 Qxe8 29. Qf5 Kh8 30. Qxd5 Rd8 31. Rxe4 Bf4 32. Rexf4 Rxd5 33.
Rf8+ Kh7 34. Rxe8 Rxe8 35. Rf2 Re3 36. Nc4 Re7 37. Nxb6 h5 38. Nxd5
{Black forfeits on time}
1-0

[Event "ICC Open 2015"]
[Site "Internet Chess Club"]
[Date "2015.05.29"]
[Round "11"]
[White "Blondicheck"]
[Black "smoothg"]
[Result "0-1"]
[ICCResult "White checkmated"]
[WhiteElo "1556"]
[BlackElo "1766"]
[Opening "Robatsch (modern) defense"]
[ECO "B06"]
[NIC "KF.05"]
[Time "21:30:25"]
[TimeControl "180+0"]

1. e4 g6 2. d4 Bg7 3. c4 c5 4. dxc5 Qa5+ 5. Bd2 Qxc5 6. Nc3 Nf6 7. Nf3 O-O
8. Rc1 d6 9. b4 Qc7 10. Bd3 a6 11. O-O Bg4 12. Nd5 Nxd5 13. cxd5 Qd8 14. h3
Bxf3 15. Qxf3 Nd7 16. Bf4 Ne5 17. Bxe5 Bxe5 18. Qg4 Qb6 19. Rb1 Rac8 20. Kh1
Rc3 21. f4 h5 22. Qe2 Bg7 23. a4 Qd4 24. Rfd1 Qb6 25. b5 a5 26. Qd2 Rfc8 27.
Rdc1 Qd4 28. Rxc3 Rxc3 29. Rd1 Qxa4 30. e5 Qb4 31. e6 f5 32. Rc1 a4 33. Rxc3
Bxc3 34. Qc2 a3 35. Bxf5 a2 36. Bxg6 a1=Q+ 37. Kh2 Qxf4+ 38. g3 Qd2+ 39.
Qxd2 Bxd2 40. g4 Qe5+ 41. Kg2 h4 42. Bf5 Qf4 43. b6 Be3 44. Kh1 Qf2 45. Bh7+
Kh8 46. Be4 Qg1# {White checkmated} 0-1

[Event "ICC Open 2015"]
[Site "Internet Chess Club"]
[Date "2015.05.29"]
[Round "11"]
[White "Oblique"]
[Black "holderlin"]
[Result "1-0"]
[ICCResult "Black forfeits on time"]
[WhiteElo "1697"]
[BlackElo "1632"]
[Opening "Queen's pawn"]
[ECO "A40"]
[NIC "QO.17"]
[Time "21:30:16"]
[TimeControl "180+0"]

1. d4 a6 2. c4 h6 3. Nc3 d6 4. e4 Nd7 5. f3 c5 6. Be3 cxd4 7. Bxd4 Ngf6 8.
Bd3 Nc5 9. Bc2 Ne6 10. Be3 g5 11. Nge2 Nd7 12. Ng3 Ne5 13. b3 Nf4 14. Qd2
Bg7 15. Bxf4 gxf4 16. Nge2 Ng6 17. Nxf4 Nxf4 18. O-O Be5 19. Rad1 Rg8 20. g3
Bh3 21. Rf2 e6 22. Ne2 Qh4 23. Kh1 Rxg3 24. Nxg3 O-O-O 25. c5 Rg8 26. Rg1
Qf6 27. cxd6 Kd7 28. b4 Bg2+ 29. Rfxg2 Nh3 30. Ba4+ Kd8 31. Qc3
{Black forfeits on time}
1-0

[Event "ICC Open 2015"]
[Site "Internet Chess Club"]
[Date "2015.05.29"]
[Round "11"]
[White "franco"]
[Black "croder"]
[Result "0-1"]
[ICCResult "White forfeits on time"]
[WhiteElo "1303"]
[BlackElo "1523"]
[Opening "Old Indian defense"]
[ECO "A42"]
[NIC "OI.07"]
[Time "21:30:55"]
[TimeControl "180+0"]

1. c4 d6 2. d4 e5 3. dxe5 dxe5 4. e4 Qxd1+ 5. Kxd1 Nf6 6. Nc3 Bb4 7. Bd2
Bxc3 8. Bxc3 Nc6 9. f3 Be6 10. Kc2 O-O-O 11. Bd3 Nd4+ 12. Bxd4 Rxd4 13. Ne2
Rd7 14. Rhd1 Rhd8 15. Rd2 c5 16. Rad1 Rd4 17. Nxd4 cxd4 18. b3 Nh5 19. g3
Nf6 20. Kb2 b6 21. Bc2 Kc7 22. a3 a5 23. b4 axb4 24. axb4 Kc6 25. Bb3 h5 26.
f4 Bg4 27. Rf1 Nxe4 28. Rc2 f6 29. fxe5 fxe5 30. c5 b5 31. Rf7 g5 32. Re7 d3
33. Rc1 d2 34. Rd1 Bxd1 35. Bxd1 Nf2 36. Bxh5 e4 37. Re6+ Kd5 38. Rb6 g4 39.
Bf7+ Kd4 40. Kc2 e3 41. Rd6+ Rxd6 42. cxd6 Ne4 43. d7 e2 44. d8=Q+ Ke5 45.
Qe7+ Kd4 46. Qd7+ Ke3 47. Qd3+ Kf2 48. Bg6 e1=Q 49. Bxe4 Qc1+ 50. Kb3 d1=Q+
{White forfeits on time}
0-1

[Event "ICC Open 2015"]
[Site "Internet Chess Club"]
[Date "2015.05.29"]
[Round "11"]
[White "JCarllsen"]
[Black "Ira57"]
[Result "1-0"]
[ICCResult "Black forfeits on time"]
[WhiteElo "1849"]
[BlackElo "1873"]
[Opening "French: Rubinstein variation"]
[ECO "C03"]
[NIC "FR.07"]
[Time "21:30:20"]
[TimeControl "180+0"]

1. e4 e6 2. d4 d5 3. Nd2 dxe4 4. Nxe4 Nd7 5. Nf3 Ngf6 6. Ng3 Be7 7. Bd3 b6
8. O-O Bb7 9. c4 O-O 10. b3 c5 11. Bb2 cxd4 12. Nxd4 Nc5 13. Bc2 Re8 14. Qe2
Qc7 15. Rad1 Rad8 16. b4 Ncd7 17. a3 a6 18. Nh5 Nxh5 19. Qxh5 g6 20. Qe2 Bf6
21. Bb1 Bg7 22. Rfe1 Qf4 23. Bc1 Qh4 24. g3 Qh3 25. Be4 Bxe4 26. Qxe4 Nf6
27. Qg2 Qxg2+ 28. Kxg2 e5 29. Nc6 Rxd1 30. Rxd1 Bf8 31. Be3 Rc8 32. b5 axb5
33. cxb5 Bc5 34. Bxc5 Ne4 35. Ne7+ Kg7 36. Nxc8 Nxc5 37. Nxb6 Ne4 38. Nc4 h5
39. b6 h4 40. gxh4 f5 41. b7 f4 42. b8=Q f3+ 43. Kxf3 Nc3 44. Qc7+
{Black forfeits on time}
1-0

[Event "ICC Open 2015"]
[Site "Internet Chess Club"]
[Date "2015.05.29"]
[Round "11"]
[White "Alekhinne"]
[Black "PajoPatak"]
[Result "1-0"]
[ICCResult "Black resigns"]
[WhiteElo "1722"]
[BlackElo "1589"]
[Opening "Grünfeld defense"]
[ECO "D80"]
[NIC "GI.03"]
[Time "21:30:48"]
[TimeControl "180+0"]

1. d4 Nf6 2. c4 g6 3. Nc3 d5 4. b3 Bg7 5. e3 c5 6. Nf3 O-O 7. Bb2 cxd4 8.
exd4 Nc6 9. Be2 Bf5 10. O-O Nb4 11. a3 Nc6 12. c5 Re8 13. b4 a6 14. Qb3 e5
15. dxe5 Nxe5 16. Rad1 Nxf3+ 17. Bxf3 d4 18. Nd5 Ne4 19. Bxd4 Bxd4 20. Rxd4
Ng5 21. Rfd1 Nxf3+ 22. Qxf3 Qg5 23. h4 Qd8 24. g4 Qxh4 25. gxf5 Re1+ 26.
Rxe1 Qxd4 27. fxg6 hxg6 28. Re7 Rf8 29. Nf6+ Kg7 30. Nd7 Qa1+ 31. Kg2
{Black resigns}
1-0

[Event "ICC Open 2015"]
[Site "Internet Chess Club"]
[Date "2015.05.29"]
[Round "11"]
[White "zenit"]
[Black "Hareaum"]
[Result "1-0"]
[ICCResult "Black checkmated"]
[WhiteElo "2069"]
[BlackElo "1726"]
[Opening "Scandinavian (center counter) defense"]
[ECO "B01"]
[NIC "SD.01"]
[Time "21:30:31"]
[TimeControl "180+0"]

1. e4 d5 2. exd5 Qxd5 3. Nc3 Qa5 4. d4 c6 5. Bc4 Nf6 6. Nf3 Bg4 7. h3 Qh5 8.
Be2 e6 9. O-O Bxh3 10. gxh3 Qxh3 11. Nh2 Bd6 12. f4 h5 13. Rf3 Qf5 14. Qd3
Qa5 15. Bd2 Qc7 16. Ne4 Be7 17. Nxf6+ gxf6 18. Kh1 Nd7 19. Rg1 f5 20. Rfg3
O-O-O 21. Nf3 Nf6 22. Ne5 Ng4 23. Kg2 Nxe5 24. fxe5 h4 25. Rh3 Rdg8+ 26. Kf1
c5 27. c3 f6 28. Rxg8+ Rxg8 29. exf6 Bxf6 30. Qe3 Qe7 31. Bc4 Bg5 32. Qxe6+
Kc7 33. Qxe7+ Bxe7 34. Bxg8 cxd4 35. cxd4 Kd6 36. Be1 Bg5 37. Bxh4 Bd2 38.
Bf6 f4 39. b3 b5 40. Ke2 b4 41. Kxd2 f3 42. Kd3 f2 43. Rf3 f1=Q+ 44. Rxf1 a5
45. Rc1 a4 46. bxa4 b3 47. axb3 Kd7 48. a5 Kd6 49. a6 Kd7 50. a7 Ke8 51.
a8=Q+ Kd7 52. Qd8# {Black checkmated} 1-0

[Event "ICC Open 2015"]
[Site "Internet Chess Club"]
[Date "2015.05.29"]
[Round "11"]
[White "Youko-Kurama"]
[Black "maki89"]
[Result "0-1"]
[ICCResult "White resigns"]
[WhiteElo "1985"]
[BlackElo "2380"]
[Opening "English: ultra-symmetrical variation"]
[ECO "A36"]
[NIC "EO.29"]
[Time "21:32:43"]
[TimeControl "180+0"]

1. c4 g6 2. g3 Bg7 3. Bg2 c5 4. Nc3 Nc6 5. e3 e6 6. Nge2 Nge7 7. O-O O-O 8.
d3 d5 9. b3 Rb8 10. Bb2 a6 11. a3 b5 12. cxd5 exd5 13. Qc2 Bf5 14. e4 Be6
15. Nxd5 Bxb2 16. Nxe7+ Nxe7 17. Qxb2 Qxd3 18. Nf4 Qxb3 19. Qf6 Nc6 20. Rab1
Qc4 21. Rfc1 Qd4 22. Qxd4 Nxd4 23. Rxc5 Rfc8 24. Rxc8+ Rxc8 25. Rd1 g5 26.
Nxe6 Nxe6 27. Bh3 Rc3 28. Ra1 Nd4 29. Rd1 Nc2 30. f4 gxf4 31. gxf4 Rxh3 32.
f5 Rxa3 33. Kg2 {White resigns} 0-1

[Event "ICC Open 2015"]
[Site "Internet Chess Club"]
[Date "2015.05.29"]
[Round "11"]
[White "waynehatcher"]
[Black "MD1"]
[Result "0-1"]
[ICCResult "White forfeits on time"]
[WhiteElo "1687"]
[BlackElo "1647"]
[Opening "Réti opening"]
[ECO "A30"]
[NIC "QP.10"]
[Time "21:30:31"]
[TimeControl "180+0"]

1. Nf3 c5 2. c4 b6 3. g3 Bb7 4. Bg2 Nc6 5. O-O g6 6. Nc3 Bg7 7. d3 Qc7 8.
Bd2 e6 9. Rb1 Nge7 10. a3 O-O 11. b4 d5 12. b5 Nd8 13. cxd5 Nxd5 14. Nxd5
exd5 15. Qc1 d4 16. Bh6 Rc8 17. Bxg7 Kxg7 18. Nd2 Ne6 19. Nc4 Bxg2 20. Kxg2
Qb7+ 21. Kg1 Qe7 22. Qd2 Nc7 23. e4 dxe3 24. Qxe3 Qxe3 25. fxe3 Nd5 26. Rfe1
Rce8 27. e4 Nc7 28. a4 Re6 29. Kf1 Rd8 30. Rbd1 a6 31. bxa6 Nxa6 32. Rd2 Nb4
33. Red1 h5 34. Nb2 Nc6 35. Kf2 Nd4 36. Nc4 Rf6+ 37. Kg2 g5 38. e5 Rf5 39.
Rf2 Rxf2+ 40. Kxf2 Kg6 41. Nxb6 Rb8 42. Nc4 Rb4 43. a5 Ra4 44. Rd2 Nb3 45.
Rb2 Nxa5 46. Nxa5 Rxa5 47. Ke3 Kf5 48. Rg2 Kxe5 49. Rf2 f5 50. Rb2 f4+ 51.
gxf4+ gxf4+ 52. Kf3 Ra3 53. Re2+ Kf5 54. Rc2 Rxd3+ 55. Kf2 Rd5 56. Rc4 Kg4
57. Kg2 h4 58. h3+ Kf5 59. Kf3 Rd4 60. Rxc5+ Ke6 61. Kg4 f3+ 62. Kxf3 Rd3+
63. Kg4 Rd4+ 64. Kh5 Kd6 65. Rg5 Ke6 66. Rg4 Rd5+ 67. Kxh4 Kf6 68. Rf4+ Kg6
69. Kg3 Rd3+ 70. Kg4 Rd1 71. h4 Rg1+ 72. Kf3 Kh5 73. Ke4 Rg2 74. Ke5 Re2+
75. Kf5 Ra2 76. Rf2 Ra5+ 77. Kf6 Ra4 {White forfeits on time} 0-1

[Event "ICC Open 2015"]
[Site "Internet Chess Club"]
[Date "2015.05.29"]
[Round "11"]
[White "BigChesstes"]
[Black "warlord1"]
[Result "0-1"]
[ICCResult "White forfeits on time"]
[WhiteElo "1778"]
[BlackElo "1616"]
[Opening "Philidor's defense"]
[ECO "C41"]
[NIC "KP.10"]
[Time "21:30:47"]
[TimeControl "180+0"]

1. e4 e5 2. Nf3 d6 3. c3 c6 4. d4 Qc7 5. Bc4 h6 6. O-O g6 7. h3 Ne7 8. Re1
a6 9. Nbd2 Bg7 10. Nf1 O-O 11. Ng3 Kh7 12. Be3 d5 13. Bb3 dxe4 14. Nxe4 f5
15. Nc5 e4 16. Ne5 Bxe5 17. dxe5 Qxe5 18. Bd4 Qd6 19. Qe2 b6 20. Na4 c5 21.
Be3 Nd7 22. Rad1 Qb8 23. Qd2 Ng8 24. Qd6 Rf6 25. Qxb8 Rxb8 26. Bf4 Ra8 27.
Bd5 Ra7 28. a3 b5 29. Nxc5 Nxc5 30. Bb8 Re7 31. Bxg8+ Kxg8 32. Bd6 Rd7 33.
Bxc5 Rxd1 34. Rxd1 Kf7 35. Rd8 Be6 36. b4 Bc4 37. Bd4 Re6 38. Rd7+ Ke8 39.
Rh7 h5 40. Kh2 f4 41. g3 e3 42. fxe3 fxe3 {White forfeits on time} 0-1

[Event "ICC Open 2015"]
[Site "Internet Chess Club"]
[Date "2015.05.29"]
[Round "11"]
[White "Irenaeus"]
[Black "AAntonioEu"]
[Result "0-1"]
[ICCResult "White forfeits on time"]
[WhiteElo "1862"]
[BlackElo "1956"]
[Opening "Sicilian: Grand Prix attack"]
[ECO "B23"]
[NIC "SI.44"]
[Time "21:30:26"]
[TimeControl "180+0"]

1. e4 c5 2. Nc3 Nc6 3. f4 g6 4. Nf3 Bg7 5. Bb5 Nd4 6. Bd3 d6 7. Nxd4 cxd4 8.
Ne2 Nf6 9. c3 dxc3 10. dxc3 Bg4 11. h3 Bxe2 12. Qxe2 a6 13. O-O O-O 14. Be3
Nd7 15. Rad1 Nc5 16. Bc2 Qc7 17. Qf2 Rac8 18. Rd2 Qc6 19. Qf3 b5 20. Rfd1
Na4 21. Bb3 Nc5 22. Bd5 Qc7 23. f5 Na4 24. fxg6 hxg6 25. Qg3 e6 26. Bb3 Be5
27. Bf4 Qc5+ 28. Kh1 Nb6 29. Bxe5 dxe5 30. Bxe6 fxe6 31. Qxg6+ Kh8 32. Qh6+
Kg8 33. Rd3 Kf7 34. Qh7+ Ke8 35. Qg6+ Rf7 36. Qg8+ Qf8 37. Qg6 Qe7 38. Rd6
Kf8 39. Rxe6 Qh4 40. Rxb6 Re8 41. Rbd6 Qh7 42. Qxh7 Rxh7 43. Rd7 Rhe7 44.
R1d6 Kf7 45. Rxe7+ Rxe7 46. Rxa6 Rd7 47. Rb6 Rd1+ 48. Kh2 Rd2 49. h4 Rxb2
50. h5 Kg7 51. h6+ Kh7 52. Kh3 b4 53. g4 Rh2+ {White forfeits on time} 0-1

[Event "ICC Open 2015"]
[Site "Internet Chess Club"]
[Date "2015.05.29"]
[Round "11"]
[White "smyslovVchess"]
[Black "Piranha"]
[Result "0-1"]
[ICCResult "White checkmated"]
[WhiteElo "1616"]
[BlackElo "1779"]
[Opening "Sicilian"]
[ECO "B56"]
[NIC "SI.25"]
[Time "21:30:37"]
[TimeControl "180+0"]

1. e4 c5 2. Nf3 d6 3. d4 cxd4 4. Nxd4 Nf6 5. Nc3 Nc6 6. Be3 e5 7. Nxc6 bxc6
8. Bc4 Be6 9. Qe2 Be7 10. O-O O-O 11. Rad1 Ng4 12. Bxe6 Nxe3 13. Bxf7+ Rxf7
14. Qxe3 Rb8 15. b3 Qa5 16. Na4 h6 17. Qd3 Rbf8 18. f3 Rf4 19. Qc4+ Kh8 20.
Qxc6 Qb4 21. Qd7 R8f7 22. Qe6 Kh7 23. Rd3 R4f6 24. Qc8 Qa3 25. g3 Qxa2 26.
f4 exf4 27. gxf4 Rg6+ 28. Kh1 Bh4 29. f5 Rg4 30. Re3 Qa3 31. e5 dxe5 32.
Rxe5 Bf6 33. Re6 Qb4 34. Rfe1 Qf4 35. Re8 Qf3# {White checkmated} 0-1

[Event "ICC Open 2015"]
[Site "Internet Chess Club"]
[Date "2015.05.29"]
[Round "11"]
[White "jorgeearroyo"]
[Black "pvchandu"]
[Result "0-1"]
[ICCResult "White forfeits on time"]
[WhiteElo "1223"]
[BlackElo "1409"]
[Opening "Tennison (Lemberg, Zukertort) gambit"]
[ECO "B01"]
[NIC "VO.17"]
[Time "21:30:52"]
[TimeControl "180+0"]

1. e4 d5 2. Nf3 dxe4 3. Ng5 Qd4 4. Qh5 Qf6 5. Bc4 e6 6. Nc3 Qg6 7. Qg4 h6 8.
Ncxe4 hxg5 9. Nxg5 Nf6 10. Qf4 Bd6 11. Qe3 Ng4 12. Qe4 Qxe4+ 13. Nxe4 Nc6
14. Nxd6+ cxd6 15. d3 d5 16. Bb5 a6 17. Bxc6+ bxc6 18. Bf4 Bd7 19. Bd6 Rd8
20. O-O-O Nxf2 21. c4 Nxd1 22. Kxd1 Bc8 23. Be5 f6 24. Bd4 e5 25. Bb6 Rd7
26. c5 Rb7 27. h3 d4 28. Re1 Be6 {White forfeits on time} 0-1

[Event "ICC Open 2015"]
[Site "Internet Chess Club"]
[Date "2015.05.29"]
[Round "11"]
[White "lemanofzorn"]
[Black "LooneyBinJim"]
[Result "0-1"]
[ICCResult "White forfeits on time"]
[WhiteElo "1446"]
[BlackElo "1714"]
[Opening "QGD Slav defense"]
[ECO "D43"]
[NIC "SL.01"]
[Time "21:30:30"]
[TimeControl "180+0"]

1. d4 d5 2. c4 c6 3. Nc3 Nf6 4. Bg5 e6 5. Nf3 Be7 6. e3 O-O 7. Bd3 dxc4 8.
Bxc4 Nd5 9. Nxd5 exd5 10. Bxe7 Qxe7 11. Bd3 Bg4 12. h4 Qb4+ 13. Qd2 Qxd2+
14. Nxd2 Nd7 15. O-O Rfe8 16. f3 Be6 17. g4 f6 18. e4 Bf7 19. exd5 Bxd5 20.
Ne4 Re6 21. b3 Rae8 22. Bc4 Bxc4 23. bxc4 b6 24. a4 Rxe4 25. fxe4 Rxe4 26.
Rfd1 Rxg4+ 27. Kf2 Kf7 28. d5 c5 29. Rdc1 Rxh4 30. a5 Ne5 31. Rc3 Nxc4 32.
axb6 axb6 33. Ra7+ Kg6 34. Rg3+ Kf5 35. Rgxg7 Rf4+ 36. Kg3 h5 37. Rad7 Ne5
38. Rde7 Rd4 39. Rd7 Nxd7 40. Rxd7 c4 41. Kf3 h4 42. Ke3 Re4+ 43. Kf3 h3 44.
Kg3 Rd4 45. Kxh3 Ke5 46. Re7+ Kxd5 47. Rf7 Ke6 48. Rb7 Rd6 49. Rc7 b5
{White forfeits on time}
0-1